 Dungeon Crawl Stone Soup version 0.32-a0-868-g153ae1a8d6 (webtiles) character file.

Game seed: 12082449550846510474

137 ezpacito the Trooper (level 5, 0/42 HPs)
             Began as a Coglin Chaos Knight on Mar 28, 2024.
             Was a Plaything of Xom.
             Slain by a jelly (1 damage)
             ... in a sewer.
             The game lasted 00:02:09 (1936 turns).

ezpacito the Trooper (Coglin Chaos Knight)          Turns: 1936, Time: 00:02:09

Health: 0/42       AC:  0    Str: 14    XL:     5   Next: 20%
Magic:  6/6        EV:  6    Int: 12    God:    Xom [..*...]
Gold:   174        SH:  0    Dex: 13    Spells: 5/5 levels left

rFire   . . .        a - +0 hand axe (chaos) {Johann}
rCold   . . .        k - +0 spear {Nebetia}
rNeg    . . .        j - +0 chain mail
rPois   .            (no helmet)
rElec   .            (no cloak)
rCorr   .            (no gloves)
SInv    .            (no boots)
Will    .....        (amulet unavailable) Stlth
                     (ring unavailable)
HPRegen 0.27/turn    (ring unavailable)
MPRegen 0.10/turn    (no gizmo)

%: no passive effects
@: about to teleport, corroded, revved
A: off-hand wielding, slow wielding, warmup strikes, no jewellery
a: Invent Gizmo, Renounce Religion


You were in a sewer.
You worshipped Xom.
You were a toy of Xom.
You visited 1 branch of the dungeon, and saw 3 of its levels.
You also visited: Sewer.

You collected 174 gold pieces.

Inventory:

Hand Weapons
 a - a +0 hand axe of chaos (weapon) {Johann}
 k - a +0 spear (offhand) {Nebetia}
Armour
 j - a +0 chain mail (worn)
Talismans
 l - a serpent talisman
Scrolls
 f - a scroll of acquirement
 h - 2 scrolls of poison
Potions
 c - a potion of attraction {unknown}
 e - a potion of mutation {unknown}
 g - a potion of magic {unknown}
 m - a potion of cancellation {unknown}


   Skills:
 * Level 3.7 Fighting
 * Level 3.6(3.8) Axes
 + Level 1.2(2.4) Polearms
 * Level 2.4 Armour
 * Level 1.8 Dodging
 + Level 0.8 Stealth
 + Level 0.7 Spellcasting


You had 5 spell levels left.
You didn't know any spells.
Your spell library contained the following spells:

 Spells                   Type           Power      Damage    Failure   Level
 Magic Dart               Conj           0%         1d3       99%         1
 Searing Ray              Conj           0%         2d4       100%        2
 Sublimation of Blood     Necr           0%         N/A       100%        2
 Fulminant Prism          Conj/Alch      0%         3d5       100%        4
 Petrify                  Alch/Erth      0%         N/A       100%        4
 Irradiate                Conj/Alch      0%         3d11      100%        5


Dungeon Overview and Level Annotations

Branches:
Dungeon (3/15)              Sewer (1/1)

Altars:
Yredelemnul


Innate Abilities, Weirdness & Mutations

You can wield a second weapon in your off-hand.
It takes a long time for you to wield or remove held weapons.
Your first few attacks do less damage.
You cannot equip rings or amulets.


Message History

You reach to attack!
You hit the jelly with your +0 spear.
The jelly is lightly wounded.
The jelly barely misses you.
You hit the jelly with your +0 spear.
Your graspers burn!
The jelly is heavily wounded.
You completely miss the jelly with your +0 hand axe of chaos.
The jelly hits you but does no damage.
You take 3 damage, and have 30/42 hp.
You hit the jelly but do no damage.
Your graspers burn!
The jelly is heavily wounded.
You hit the jelly with your +0 spear. The acid corrodes you!
Your graspers burn!
The jelly hits you.
You are splashed with acid!
A frilled lizard comes into view.
You take 16 damage, and have 14/42 hp.
MASSIVE DAMAGE!!
Okay, then.
It was a potion of curing.
You feel better.
q - a potion of curing The jelly barely misses you.
You regained 8 hp, and now have 22/42 hp.
You completely miss the jelly with your +0 hand axe of chaos.
The jelly is heavily wounded.
You hit the rat but do no damage.
The rat seems to slow down.
You hit the jelly but do no damage.
Your graspers burn!
The jelly hits you. The acid corrodes you!
You are splashed with acid!
* * * LOW HITPOINT WARNING * * *
You take 14 damage, and have 8/42 hp.
MASSIVE DAMAGE!!
Okay, then.
You feel better. The rat bites you. The jelly hits you.
* * * LOW HITPOINT WARNING * * *
You are splashed with acid!
* * * LOW HITPOINT WARNING * * *
You take 7 damage, and have 1/42 hp.
As you read the scroll labelled RUELAM QYRCH, it crumbles to dust.
You feel a surge of unholy energy.
The jelly convulses!
It was a scroll of torment.
The jelly hits you but does no damage.
The rat splashes around in the water.
As you read the scroll labelled YCUSUE CAR JUDGH, it crumbles to dust.
You feel strangely unstable.
It was a scroll of teleportation.
The jelly hits you.
You die...

##########
#..# ##..#
#~..# ##.~##
###...# #.
##.~...# .~..
##~~~~.##
~...l##.~.~###
#.~~J@~.##
##~~r~~##
##.~..#
.~~~....#
#~~~~.~.~
~..~.~.#..~
~..#~..##~~
####.~# #..
~~~ ##


You could see a jelly, a frilled lizard and a rat (slow).

Vanquished Creatures
  3 gnolls (D:2)
  2 river rats
  3 adders
  2 ribbon worms (D:2)
  A dart slug (D:1)
  3 bats (D:1)
  10 endoplasms
  A giant cockroach (D:1)
  3 goblins
  7 hobgoblins
  3 jackals (D:1)
  A quokka (D:3)
  9 ball pythons
  2 frilled lizards
  A kobold (D:2)
  5 rats
56 creatures vanquished.

Notes
Turn   | Place    | Note
-------+----------+-------------------------------------------
     0 | D:1      | ezpacito the Coglin Chaos Knight began the quest for the
                  | Orb.
     0 | D:1      | Reached XP level 1. HP: 18/18 MP: 1/1
    84 | D:1      | XOM: silly message
   155 | D:1      | Reached skill level 1 in Dodging
   197 | D:1      | Reached XP level 2. HP: 24/24 MP: 2/2
   363 | D:1      | Reached XP level 3. HP: 28/29 MP: 3/3
   660 | D:1      | XOM: divination: magic mapping
   733 | D:2      | Reached XP level 4. HP: 10/35 MP: 4/4
  1259 | D:2      | Reached skill level 1 in Polearms
  1496 | D:3      | Identified a scroll of acquirement
  1633 | D:3      | Found a basalt altar of Yredelemnul.
  1699 | D:3      | Found a glowing drain.
  1741 | Sewer    | Entered a sewer
  1845 | Sewer    | Reached XP level 5. HP: 21/41 MP: 6/6
  1934 | Sewer    | HP: 1/42 [acid (10)]
  1936 | Sewer    | Slain by a jelly

Illustrated notes

Levels and vault maps discovered:
D:1:      ebering_trefoil_twist, layout_loops_ring
D:2:      layout_loops_ring, nicolae_kite_square_tiling_tiny
D:3:      layout_loops_ring, mainiacjoe_overflow_boulevard,
          yredelemnul_altar_generic, portal_sewer_entry_c,
          hellmonk_ecumenical_altar_heavens_door,
          chequers_serial_rivers_large_b, minmay_goblin_outpost, uniq_ijyb
Sewer:    sewer_hellmonk_slimy_pipes

Skill      XL: |  1  2  3  4 |
---------------+-------------+-----
Dodging        | 1 |  1.8
Armour         | 2 |  2.4
Polearms       | 1 |  1.2
Fighting       | |  3.7
Axes           | |  3.6
Stealth        | |  0.8
Spellcasting   | |  0.7

Action                     |  1- 3 |  4- 6 || total
---------------------------+-------+-------++-------
  Melee: Hand axe          |    59 |    65 ||   124
         Dagger            |    40 |       ||    40
         Spear             |    11 |    74 ||    85
    Use: Scroll            |     1 |     4 ||     5
         Potion            |       |     2 ||     2
   Stab: Sleeping          |     1 |       ||     1
 Armour: Leather armour    |    36 |       ||    36
         Chain mail        |    12 |    58 ||    70
  Dodge: Dodged            |    35 |    23 ||    58

Table legend: (Time is in decaauts)
 A = Elapsed time spent in this place.
 B = Non-inter-level travel time spent in this place.
 C = Inter-level travel time spent in this place.
 D = Time resting spent in this place.
 E = Time spent auto-exploring this place.
 F = Levels seen in this place.
 G = Mean time per level.
                   A        B        C        D        E       F      G
               +--------+--------+--------+--------+--------+-----+--------+
         Total |   1979 |   1837 |    142 |     97 |   1337 |   4 |  494.8 |
       Dungeon |   1775 |   1633 |    142 |     97 |   1203 |   3 |  591.7 |
         Sewer |    203 |    203 |      0 |      0 |    134 |   1 |  203.0 |
               +--------+--------+--------+--------+--------+-----+--------+

Top non-repeatable levels by time:
     D:2: 814 daAuts
     D:1: 686 daAuts
     D:3: 274 daAuts
   Sewer: 203 daAuts
